[ PARTIDA AOE2 · #474573555 ]
Team RMLituanos vs Byzantines
[ ANÁLISIS DE REPETICIÓN · EXTRAÍDO DE LA PARTIDA GRABADA ]
Feudal
10:52
Castillos
16:32
Imperial
40:41
| APM promedio | 38.0 |
| APM pico | 81 |
| eAPM promedio | 12.7 |
| Aldeanos / militares | 95 / 193 |
Foco
⚔️ 36.1% · 🌾 63.9%
Skirmisher ×76 · Scout Cavalry ×72 · Knight ×29 · Scorpion ×4 · Trebuchet (Packed) ×4 · Monk ×3
Feudal
11:27
Castillos
21:49
Imperial
—
| APM promedio | 9.6 |
| APM pico | 26 |
| eAPM promedio | 7.9 |
| Aldeanos / militares | 75 / 80 |
Foco
⚔️ 36.0% · 🌾 64.0%
Spearman ×44 · Scout Cavalry ×15 · Skirmisher ×15 · Battering Ram ×6
Feudal
12:42
Castillos
16:52
Imperial
22:08
| APM promedio | 40.2 |
| APM pico | 70 |
| eAPM promedio | 18.4 |
| Aldeanos / militares | 198 / 229 |
Foco
⚔️ 26.1% · 🌾 73.9%
Scout Cavalry ×132 · Cavalry Archer ×68 · Hand Cannoneer ×22 · Bombard Cannon ×7
Feudal
11:33
Castillos
17:44
Imperial
32:44
| APM promedio | 30.8 |
| APM pico | 66 |
| eAPM promedio | 21.0 |
| Aldeanos / militares | 138 / 241 |
Foco
⚔️ 35.5% · 🌾 64.5%
Skirmisher ×116 · Knight ×56 · Spearman ×29 · Hand Cannoneer ×19 · Cavalry Archer ×15 · Trade Cart ×6
Feudal
11:33
Castillos
16:53
Imperial
36:04
| APM promedio | 64.3 |
| APM pico | 105 |
| eAPM promedio | 29.9 |
| Aldeanos / militares | 152 / 275 |
Foco
⚔️ 37.8% · 🌾 62.2%
Spearman ×106 · Archer ×97 · Cataphract ×47 · Trebuchet (Packed) ×13 · Knight ×6 · Battering Ram ×4
Feudal
10:34
Castillos
15:00
Imperial
28:58
| APM promedio | 45.0 |
| APM pico | 140 |
| eAPM promedio | 18.8 |
| Aldeanos / militares | 154 / 365 |
Foco
⚔️ 39.1% · 🌾 60.9%
Tarkan ×175 · Cavalry Archer ×123 · Spearman ×65 · Monk ×2
Mapa de la partida
Recursos al inicio + cada clic de construcción. Línea gruesa = muro · recuadro discontinuo = muro de casas detectado. 🟡 oro · ⚪ piedra · 🟢 bayas · 🔶 jabalí · ⭕ reliquia
Tu base· Abierta — flanco sin cerrar
Base de d.rosebank· Abierta — flanco sin cerrar
Base de Dean· Abierta — flanco sin cerrar
Base de King Crimson· Abierta — flanco sin cerrar
Base de Kaoru· Abierta — flanco sin cerrar
Base de Maniac· Abierta — flanco sin cerrar
Terreno con relieve · ⚠ = hueco de muro detectado · pasá el cursor para detalles
Inputs por minuto
— Balint4321 - - d.rosebank
Build order — Balint4321
Primeras 150 de 279 acciones detectadas
| 0:22 | Crear | Villager (Male) |
| 0:22 | Crear | Villager (Male) |
| 0:22 | Crear | Villager (Male) |
| 0:23 | Construir | House |
| 0:24 | Construir | House |
| 0:51 | Crear | Villager (Male) |
| 0:52 | Crear | Villager (Male) |
| 0:52 | Crear | Villager (Male) |
| 2:03 | Crear | Villager (Male) |
| 2:03 | Crear | Villager (Male) |
| 2:41 | Construir | Lumber Camp |
| 2:51 | Crear | Villager (Male) |
| 2:52 | Crear | Villager (Male) |
| 3:32 | Crear | Villager (Male) |
| 3:59 | Crear | Villager (Male) |
| 4:25 | Construir | House |
| 4:26 | Construir | House |
| 4:44 | Construir | Mill |
| 4:50 | Crear | Villager (Male) |
| 4:50 | Crear | Villager (Male) |
| 5:13 | Crear | Villager (Male) |
| 5:13 | Crear | Villager (Male) |
| 6:07 | Crear | Villager (Male) |
| 6:12 | Crear | Villager (Male) |
| 6:49 | Crear | Villager (Male) |
| 6:49 | Crear | Villager (Male) |
| 7:27 | Crear | Villager (Male) |
| 7:28 | Crear | Villager (Male) |
| 8:30 | Construir | Mining Camp |
| 8:38 | Investigar | Loom |
| 8:42 | Investigar | Feudal Age |
| 9:49 | Crear | Villager (Male) |
| 9:49 | Crear | Villager (Male) |
| 9:56 | Construir | House |
| 10:03 | Construir | Barracks |
| 10:52 | Edad | Edad Feudal |
| 10:57 | Investigar | Double-Bit Axe |
| 11:13 | Construir | Stable |
| 11:28 | Crear | Villager (Male) |
| 11:28 | Crear | Villager (Male) |
| 11:49 | Construir | Blacksmith |
| 12:08 | Construir | Farm |
| 12:09 | Construir | Farm |
| 12:14 | Construir | Farm |
| 12:16 | Construir | Farm |
| 12:20 | Crear | Villager (Male) |
| 12:20 | Crear | Villager (Male) |
| 12:52 | Construir | Farm |
| 12:56 | Construir | Farm |
| 13:07 | Construir | Farm |
| 13:14 | Construir | Farm |
| 13:24 | Crear | Villager (Male) |
| 13:27 | Investigar | Loom |
| 13:42 | Construir | House |
| 13:43 | Construir | House |
| 13:49 | Investigar | Castle Age |
| 14:06 | Investigar | Horse Collar |
| 14:17 | Construir | Mill |
| 14:20 | Crear | Spearman |
| 14:51 | Investigar | Bloodlines |
| 16:32 | Edad | Edad de los Castillos |
| 16:36 | Crear | Villager (Male) |
| 16:36 | Crear | Villager (Male) |
| 16:43 | Construir | Town Center |
| 16:52 | Construir | Town Center |
| 16:58 | Investigar | Bow Saw |
| 17:02 | Crear | Knight |
| 17:02 | Crear | Knight |
| 17:27 | Investigar | Scale Barding Armor |
| 17:47 | Construir | Archery Range |
| 17:54 | Crear | Villager (Male) |
| 18:19 | Investigar | Heavy Plow |
| 18:19 | Investigar | Heavy Plow |
| 18:21 | Crear | Villager (Male) |
| 18:27 | Crear | Villager (Male) |
| 18:33 | Crear | Villager (Male) ×3 |
| 18:33 | Crear | Villager (Male) ×3 |
| 18:38 | Construir | Farm |
| 18:38 | Construir | Farm |
| 18:40 | Construir | Farm |
| 18:50 | Crear | Villager (Male) |
| 18:54 | Construir | Farm |
| 19:08 | Crear | Villager (Male) |
| 19:11 | Crear | Villager (Male) |
| 19:11 | Crear | Villager (Male) |
| 19:34 | Crear | Skirmisher |
| 19:34 | Crear | Skirmisher |
| 19:35 | Crear | Skirmisher |
| 19:41 | Crear | Villager (Male) |
| 19:59 | Crear | Villager (Male) |
| 19:59 | Crear | Villager (Male) |
| 20:00 | Crear | Villager (Male) |
| 20:21 | Crear | Villager (Male) |
| 20:21 | Crear | Villager (Male) |
| 20:52 | Crear | Knight |
| 20:52 | Crear | Knight |
| 20:58 | Construir | Monastery |
| 21:05 | Construir | House |
| 21:06 | Construir | House |
| 21:07 | Construir | House |
| 21:09 | Construir | House |
| 21:14 | Crear | Skirmisher |
| 21:14 | Crear | Skirmisher |
| 21:23 | Investigar | Husbandry |
| 22:00 | Crear | Villager (Male) |
| 22:00 | Crear | Villager (Male) |
| 22:01 | Crear | Villager (Male) |
| 22:01 | Crear | Villager (Male) |
| 22:01 | Crear | Villager (Male) |
| 22:01 | Crear | Villager (Male) |
| 22:02 | Crear | Knight |
| 22:44 | Construir | Siege Workshop |
| 22:49 | Crear | Villager (Male) ×4 |
| 22:58 | Construir | Farm |
| 22:59 | Construir | Farm |
| 22:59 | Construir | Farm |
| 23:04 | Construir | Farm |
| 23:04 | Construir | Farm |
| 23:04 | Construir | Farm |
| 23:35 | Investigar | Padded Archer Armor |
| 23:36 | Crear | Villager (Male) ×3 |
| 23:54 | Crear | Battering Ram |
| 23:55 | Crear | Battering Ram |
| 24:04 | Construir | Castle |
| 24:34 | Crear | Monk |
| 24:43 | Investigar | Light Cavalry (upgrade) |
| 24:58 | Crear | Scout Cavalry |
| 24:59 | Crear | Scout Cavalry |
| 25:07 | Construir | Farm |
| 25:08 | Construir | Farm |
| 25:08 | Construir | Farm |
| 25:08 | Construir | Farm |
| 25:12 | Crear | Villager (Male) ×5 |
| 25:13 | Crear | Villager (Male) |
| 25:17 | Construir | House |
| 25:18 | Construir | House |
| 25:20 | Construir | House |
| 25:22 | Construir | House |
| 25:49 | Investigar | Elite Skirmisher (upgrade) |
| 25:49 | Crear | Skirmisher |
| 25:50 | Crear | Skirmisher |
| 25:50 | Crear | Skirmisher |
| 25:58 | Investigar | Leather Archer Armor |
| 26:26 | Construir | House |
| 26:27 | Construir | House |
| 26:28 | Construir | House |
| 26:34 | Investigar | Chain Barding Armor |
| 26:38 | Crear | Scout Cavalry |
| 26:52 | Crear | Scorpion |
| 26:53 | Crear | Scorpion |
Build order — d.rosebank
Primeras 150 de 285 acciones detectadas
| 0:04 | Construir | House |
| 0:05 | Crear | Villager (Male) |
| 0:05 | Crear | Villager (Male) |
| 0:05 | Crear | Villager (Male) |
| 0:05 | Crear | Villager (Male) |
| 0:07 | Investigar | Loom |
| 0:29 | Construir | House |
| 0:30 | Construir | House |
| 0:31 | Construir | House |
| 1:27 | Crear | Villager (Male) |
| 2:08 | Construir | Mill |
| 2:12 | Crear | Villager (Male) |
| 2:29 | Crear | Villager (Male) |
| 2:59 | Crear | Villager (Male) |
| 3:02 | Crear | Villager (Male) |
| 3:41 | Crear | Villager (Male) |
| 3:42 | Crear | Villager (Male) |
| 3:56 | Investigar | Loom |
| 4:15 | Crear | Villager (Male) |
| 4:15 | Crear | Villager (Male) |
| 4:48 | Crear | Villager (Male) |
| 4:54 | Crear | Villager (Male) |
| 4:54 | Crear | Villager (Male) |
| 5:24 | Crear | Villager (Male) |
| 5:34 | Crear | Villager (Male) |
| 5:34 | Crear | Villager (Male) |
| 6:02 | Crear | Villager (Male) |
| 6:03 | Crear | Villager (Male) |
| 7:09 | Construir | Lumber Camp |
| 8:04 | Investigar | Feudal Age |
| 8:08 | Construir | House |
| 8:20 | Construir | House |
| 8:22 | Construir | House |
| 9:10 | Crear | Villager (Male) |
| 9:13 | Crear | Villager (Male) |
| 9:28 | Construir | House |
| 9:30 | Construir | House |
| 9:33 | Crear | Villager (Male) |
| 9:34 | Crear | Villager (Male) |
| 9:45 | Construir | Mill |
| 10:45 | Construir | Mining Camp |
| 11:27 | Edad | Edad Feudal |
| 11:28 | Investigar | Horse Collar |
| 11:29 | Investigar | Double-Bit Axe |
| 11:32 | Investigar | Wheelbarrow |
| 11:57 | Construir | Outpost |
| 12:03 | Investigar | Town Watch |
| 12:04 | Crear | Villager (Male) |
| 12:05 | Crear | Villager (Male) |
| 12:06 | Crear | Villager (Male) |
| 12:46 | Construir | Farm |
| 12:47 | Construir | Farm |
| 12:49 | Construir | Farm |
| 12:50 | Construir | Farm |
| 12:52 | Construir | Farm |
| 12:54 | Construir | Farm |
| 13:03 | Construir | Farm |
| 13:18 | Construir | Farm |
| 13:32 | Construir | Farm |
| 13:44 | Construir | Farm |
| 13:54 | Crear | Villager (Male) |
| 14:02 | Investigar | Gold Mining |
| 14:08 | Investigar | Stone Mining |
| 14:30 | Crear | Villager (Male) |
| 14:53 | Construir | Outpost |
| 15:18 | Construir | Barracks |
| 15:24 | Construir | Building 487 |
| 16:03 | Construir | Blacksmith |
| 16:13 | Construir | Market |
| 16:25 | Construir | Market |
| 16:31 | Construir | Stable |
| 16:34 | Construir | Stable |
| 16:44 | Crear | Villager (Male) |
| 16:45 | Crear | Villager (Male) |
| 16:53 | Construir | Mining Camp |
| 16:55 | Crear | Spearman |
| 16:56 | Crear | Spearman |
| 17:05 | Crear | Villager (Male) |
| 17:05 | Crear | Villager (Male) |
| 17:05 | Crear | Villager (Male) |
| 17:50 | Investigar | Scale Mail Armor |
| 17:50 | Investigar | Forging |
| 17:52 | Investigar | Scale Barding Armor |
| 17:58 | Construir | House |
| 17:59 | Construir | House |
| 18:01 | Construir | House |
| 18:02 | Construir | House |
| 18:03 | Construir | House |
| 18:04 | Construir | House |
| 18:11 | Construir | Farm |
| 18:12 | Construir | Farm |
| 18:26 | Construir | Stable |
| 18:36 | Construir | Farm |
| 19:04 | Construir | Farm |
| 19:09 | Investigar | Castle Age |
| 19:40 | Crear | Scout Cavalry |
| 19:40 | Crear | Scout Cavalry |
| 20:13 | Construir | Stone Wall |
| 20:33 | Crear | Spearman |
| 20:33 | Crear | Spearman |
| 21:18 | Construir | House |
| 21:19 | Construir | House |
| 21:20 | Construir | House |
| 21:27 | Construir | Farm |
| 21:49 | Edad | Edad de los Castillos |
| 21:53 | Investigar | Pikeman (upgrade) |
| 21:54 | Investigar | Squires |
| 22:00 | Crear | Spearman |
| 22:17 | Crear | Villager (Male) |
| 22:17 | Crear | Villager (Male) |
| 22:27 | Construir | Town Center |
| 22:43 | Construir | Archery Range |
| 22:46 | Construir | Archery Range |
| 22:58 | Construir | House |
| 22:59 | Construir | House |
| 23:00 | Construir | House |
| 23:08 | Construir | University |
| 23:11 | Crear | Villager (Male) |
| 23:11 | Crear | Villager (Male) |
| 23:12 | Crear | Villager (Male) |
| 23:12 | Crear | Villager (Male) |
| 23:12 | Crear | Villager (Male) |
| 23:13 | Crear | Villager (Male) |
| 23:23 | Crear | Skirmisher |
| 23:24 | Crear | Skirmisher |
| 23:48 | Construir | Castle |
| 23:58 | Crear | Skirmisher |
| 23:58 | Crear | Skirmisher |
| 23:58 | Crear | Skirmisher |
| 23:59 | Crear | Skirmisher |
| 23:59 | Crear | Skirmisher |
| 24:21 | Construir | Farm |
| 24:44 | Crear | Villager (Male) |
| 24:44 | Crear | Villager (Male) |
| 24:44 | Crear | Villager (Male) |
| 24:44 | Crear | Villager (Male) |
| 24:44 | Crear | Villager (Male) |
| 24:47 | Construir | Farm |
| 24:54 | Construir | Farm |
| 25:15 | Crear | Spearman |
| 25:15 | Crear | Spearman |
| 25:33 | Construir | House |
| 25:35 | Construir | House |
| 25:37 | Construir | House |
| 25:52 | Crear | Spearman |
| 25:52 | Crear | Spearman |
| 26:02 | Crear | Villager (Male) |
| 26:03 | Crear | Villager (Male) |
| 26:03 | Crear | Villager (Male) |
| 26:04 | Crear | Villager (Male) |
Build order — Dean
Primeras 150 de 389 acciones detectadas
| 0:02 | Crear | Villager (Male) |
| 0:02 | Crear | Villager (Male) |
| 0:03 | Crear | Villager (Male) |
| 0:04 | Construir | House |
| 0:07 | Construir | House |
| 0:08 | Crear | Villager (Male) |
| 0:08 | Crear | Villager (Male) |
| 1:36 | Crear | Villager (Male) |
| 1:36 | Crear | Villager (Male) |
| 2:01 | Crear | Villager (Male) |
| 2:28 | Crear | Villager (Male) |
| 2:35 | Construir | Lumber Camp |
| 2:52 | Crear | Villager (Male) |
| 2:52 | Crear | Villager (Male) |
| 3:07 | Crear | Villager (Male) |
| 3:07 | Crear | Villager (Male) |
| 3:39 | Crear | Villager (Male) |
| 3:39 | Crear | Villager (Male) |
| 3:53 | Crear | Villager (Male) |
| 3:54 | Crear | Villager (Male) |
| 4:27 | Crear | Villager (Male) |
| 4:43 | Construir | House |
| 4:53 | Investigar | Loom |
| 5:12 | Crear | Villager (Male) |
| 5:12 | Crear | Villager (Male) |
| 5:12 | Crear | Villager (Male) |
| 5:13 | Construir | House |
| 5:23 | Crear | Villager (Male) |
| 5:23 | Crear | Villager (Male) |
| 5:54 | Crear | Villager (Male) |
| 5:54 | Crear | Villager (Male) |
| 5:59 | Construir | House |
| 6:17 | Construir | Mill |
| 6:45 | Crear | Villager (Male) |
| 6:45 | Crear | Villager (Male) |
| 7:53 | Crear | Villager (Male) |
| 8:12 | Construir | Mining Camp |
| 8:26 | Crear | Villager (Male) |
| 8:26 | Crear | Villager (Male) |
| 8:26 | Crear | Villager (Male) |
| 8:27 | Crear | Villager (Male) |
| 8:27 | Crear | Villager (Male) |
| 8:27 | Crear | Villager (Male) |
| 8:27 | Crear | Villager (Male) |
| 9:20 | Construir | Farm |
| 9:21 | Construir | Farm |
| 9:58 | Crear | Villager (Male) |
| 10:32 | Investigar | Feudal Age |
| 10:49 | Construir | House |
| 10:53 | Construir | House |
| 12:22 | Construir | Mining Camp |
| 12:42 | Edad | Edad Feudal |
| 12:55 | Construir | Market |
| 13:03 | Construir | Blacksmith |
| 13:19 | Construir | House |
| 13:22 | Crear | Villager (Male) |
| 13:23 | Crear | Villager (Male) |
| 14:03 | Investigar | Castle Age |
| 14:31 | Construir | Farm |
| 14:37 | Construir | Farm |
| 15:13 | Construir | Farm |
| 15:18 | Construir | Farm |
| 16:52 | Edad | Edad de los Castillos |
| 17:01 | Construir | Siege Workshop |
| 17:20 | Construir | University |
| 17:32 | Crear | Villager (Male) |
| 17:42 | Construir | Barracks |
| 17:53 | Construir | Farm |
| 17:56 | Construir | Farm |
| 18:05 | Construir | Farm |
| 18:08 | Crear | Villager (Male) |
| 18:38 | Construir | Farm |
| 18:47 | Construir | Farm |
| 18:58 | Investigar | Imperial Age |
| 19:34 | Investigar | Double-Bit Axe |
| 20:12 | Construir | Archery Range |
| 21:39 | Construir | Mining Camp |
| 21:50 | Construir | Mining Camp |
| 22:08 | Edad | Edad Imperial |
| 22:10 | Crear | Bombard Cannon |
| 22:13 | Crear | Hand Cannoneer ×5 |
| 22:13 | Crear | Hand Cannoneer ×5 |
| 22:13 | Crear | Hand Cannoneer ×5 |
| 22:14 | Crear | Hand Cannoneer |
| 22:33 | Crear | Villager (Male) |
| 22:33 | Crear | Villager (Male) |
| 23:04 | Crear | Villager (Male) |
| 23:04 | Crear | Villager (Male) |
| 23:06 | Crear | Villager (Male) |
| 23:07 | Crear | Villager (Male) |
| 23:20 | Investigar | Bow Saw |
| 23:30 | Investigar | Horse Collar |
| 23:31 | Investigar | Horse Collar |
| 24:41 | Investigar | Wheelbarrow |
| 24:59 | Crear | Villager (Male) |
| 24:59 | Crear | Villager (Male) |
| 24:59 | Crear | Villager (Male) |
| 24:59 | Crear | Villager (Male) |
| 25:16 | Construir | Town Center |
| 25:42 | Construir | Farm |
| 25:43 | Construir | Farm |
| 25:44 | Construir | Farm |
| 26:16 | Crear | Villager (Male) |
| 26:16 | Crear | Villager (Male) |
| 26:17 | Crear | Villager (Male) |
| 26:17 | Crear | Villager (Male) |
| 26:20 | Crear | Villager (Male) |
| 26:20 | Crear | Villager (Male) |
| 26:20 | Crear | Villager (Male) |
| 26:21 | Crear | Villager (Male) |
| 26:25 | Crear | Villager (Male) |
| 26:25 | Crear | Villager (Male) |
| 26:25 | Crear | Villager (Male) |
| 26:26 | Crear | Villager (Male) |
| 27:11 | Crear | Villager (Male) |
| 27:11 | Crear | Villager (Male) |
| 27:11 | Crear | Villager (Male) |
| 27:13 | Construir | Farm |
| 27:17 | Construir | Farm |
| 27:20 | Construir | Farm |
| 28:18 | Crear | Bombard Cannon |
| 28:29 | Construir | House |
| 28:30 | Construir | House |
| 28:31 | Construir | House |
| 28:47 | Investigar | Heavy Plow |
| 29:13 | Crear | Villager (Male) ×5 |
| 29:13 | Crear | Villager (Male) ×5 |
| 29:13 | Crear | Villager (Male) ×5 |
| 29:38 | Crear | Hand Cannoneer ×3 |
| 29:38 | Crear | Hand Cannoneer ×3 |
| 30:47 | Construir | Archery Range |
| 30:50 | Construir | Archery Range |
| 30:51 | Construir | Archery Range |
| 30:56 | Construir | Stable |
| 31:01 | Crear | Bombard Cannon |
| 31:05 | Investigar | Hand Cart |
| 31:19 | Investigar | Fortified Wall (upgrade) |
| 31:25 | Construir | Building 490 |
| 31:28 | Crear | Villager (Male) ×2 |
| 31:28 | Crear | Villager (Male) ×2 |
| 31:36 | Construir | House |
| 31:37 | Construir | House |
| 31:38 | Construir | House |
| 31:39 | Construir | House |
| 31:40 | Construir | House |
| 31:40 | Construir | House |
| 31:47 | Construir | House |
| 32:30 | Investigar | Two-Man Saw |
| 32:45 | Crear | Cavalry Archer ×5 |
| 32:45 | Crear | Cavalry Archer ×5 |
Build order — King Crimson
Primeras 150 de 592 acciones detectadas
| 0:01 | Crear | Villager (Male) |
| 0:01 | Crear | Villager (Male) |
| 0:02 | Construir | House |
| 0:05 | Construir | House |
| 0:06 | Crear | Villager (Male) |
| 0:06 | Crear | Villager (Male) |
| 1:48 | Crear | Villager (Male) |
| 1:49 | Crear | Villager (Male) |
| 2:00 | Crear | Villager (Male) |
| 2:18 | Crear | Villager (Male) |
| 3:03 | Crear | Villager (Male) |
| 3:04 | Crear | Villager (Male) |
| 3:35 | Construir | Mill |
| 3:50 | Crear | Villager (Male) |
| 3:55 | Construir | House |
| 4:00 | Crear | Villager (Male) |
| 4:01 | Crear | Villager (Male) |
| 4:36 | Crear | Villager (Male) |
| 4:37 | Crear | Villager (Male) |
| 5:23 | Construir | House |
| 5:30 | Crear | Villager (Male) |
| 5:31 | Crear | Villager (Male) |
| 5:32 | Crear | Villager (Male) |
| 5:54 | Crear | Villager (Male) |
| 5:54 | Crear | Villager (Male) |
| 6:23 | Crear | Villager (Male) |
| 6:55 | Crear | Villager (Male) |
| 7:01 | Investigar | Loom |
| 7:46 | Crear | Villager (Male) |
| 7:51 | Construir | House |
| 9:23 | Investigar | Feudal Age |
| 9:44 | Crear | Villager (Male) |
| 10:00 | Crear | Villager (Male) |
| 10:49 | Crear | Villager (Male) |
| 11:22 | Construir | Mill |
| 11:33 | Edad | Edad Feudal |
| 11:35 | Crear | Villager (Male) |
| 11:40 | Investigar | Double-Bit Axe |
| 12:55 | Crear | Villager (Male) |
| 13:03 | Construir | House |
| 13:23 | Crear | Villager (Male) |
| 13:31 | Construir | Blacksmith |
| 13:47 | Construir | Market |
| 13:58 | Crear | Villager (Male) |
| 14:05 | Construir | Mule Cart |
| 15:04 | Investigar | Castle Age |
| 15:08 | Investigar | Gold Mining |
| 16:00 | Construir | Mule Cart |
| 16:07 | Investigar | Stone Mining |
| 16:10 | Crear | Villager (Male) |
| 16:15 | Crear | Villager (Male) |
| 16:50 | Crear | Villager (Male) |
| 17:24 | Construir | Farm |
| 17:25 | Construir | Farm |
| 17:27 | Construir | Farm |
| 17:28 | Construir | Farm |
| 17:31 | Construir | Farm |
| 17:32 | Construir | Farm |
| 17:33 | Construir | Farm |
| 17:35 | Construir | Farm |
| 17:38 | Construir | Farm |
| 17:39 | Construir | Farm |
| 17:41 | Construir | Farm |
| 17:44 | Edad | Edad de los Castillos |
| 17:46 | Construir | Farm |
| 17:48 | Construir | Farm |
| 18:15 | Construir | Monastery |
| 18:41 | Construir | Farm |
| 18:43 | Crear | Villager (Male) |
| 18:53 | Construir | Farm |
| 19:02 | Crear | Villager (Male) |
| 19:28 | Crear | Villager (Male) |
| 19:35 | Crear | Villager (Male) |
| 19:50 | Construir | House |
| 19:51 | Construir | House |
| 19:58 | Construir | House |
| 19:59 | Construir | House |
| 20:06 | Construir | Barracks |
| 20:11 | Construir | Barracks |
| 20:14 | Crear | Villager (Male) |
| 20:18 | Construir | House |
| 20:39 | Crear | Monk |
| 20:45 | Crear | Villager (Male) |
| 20:51 | Construir | House |
| 20:59 | Investigar | Bow Saw |
| 21:02 | Investigar | Stone Shaft Mining |
| 21:03 | Crear | Villager (Male) |
| 21:21 | Construir | Stable |
| 21:35 | Crear | Villager (Male) |
| 21:45 | Construir | Mule Cart |
| 21:48 | Crear | Villager (Male) |
| 21:58 | Crear | Monk |
| 22:04 | Construir | Stable |
| 22:13 | Crear | Villager (Male) |
| 22:33 | Construir | Farm |
| 22:36 | Crear | Villager (Male) |
| 22:40 | Construir | Farm |
| 22:53 | Construir | Archery Range |
| 23:58 | Construir | Archery Range |
| 24:02 | Construir | Archery Range |
| 24:32 | Construir | Monastery |
| 24:36 | Crear | Villager (Male) |
| 24:37 | Crear | Villager (Male) |
| 24:42 | Construir | Town Center |
| 24:57 | Crear | Villager (Male) |
| 24:58 | Crear | Villager (Male) |
| 25:16 | Construir | Farm |
| 25:18 | Construir | Farm |
| 25:29 | Construir | Farm |
| 25:30 | Construir | Farm |
| 25:36 | Construir | Farm |
| 25:47 | Investigar | Coinage |
| 25:47 | Investigar | Caravan |
| 25:51 | Crear | Monk |
| 26:20 | Crear | Villager (Male) |
| 26:22 | Crear | Villager (Male) |
| 26:33 | Crear | Villager (Male) |
| 27:01 | Construir | Farm |
| 27:04 | Construir | Farm |
| 27:06 | Construir | Farm |
| 27:37 | Crear | Villager (Male) |
| 27:43 | Construir | Farm |
| 27:47 | Construir | Farm |
| 27:52 | Crear | Villager (Male) |
| 28:20 | Investigar | Horse Collar |
| 28:44 | Construir | University |
| 28:52 | Crear | Villager (Male) |
| 28:54 | Crear | Villager (Male) |
| 29:07 | Investigar | Bloodlines |
| 29:08 | Investigar | Husbandry |
| 29:11 | Investigar | Crossbowman (upgrade) |
| 29:14 | Investigar | Squires |
| 29:15 | Investigar | Gambesons |
| 29:15 | Investigar | Arson |
| 29:17 | Investigar | Pikeman (upgrade) |
| 29:34 | Investigar | Imperial Age |
| 29:41 | Crear | Skirmisher |
| 29:44 | Investigar | Elite Skirmisher (upgrade) |
| 30:02 | Crear | Villager (Male) |
| 30:03 | Crear | Villager (Male) |
| 30:03 | Crear | Villager (Male) |
| 30:04 | Crear | Villager (Male) |
| 30:09 | Construir | House |
| 30:10 | Construir | House |
| 30:11 | Construir | House |
| 30:12 | Construir | House |
| 30:24 | Construir | Farm |
| 30:32 | Investigar | Light Cavalry (upgrade) |
| 30:36 | Investigar | Forging |
| 30:45 | Investigar | Pikeman (upgrade) |
Build order — Kaoru
Primeras 150 de 598 acciones detectadas
| 0:05 | Construir | House |
| 0:06 | Construir | House |
| 0:09 | Crear | Villager (Male) |
| 0:10 | Crear | Villager (Male) |
| 0:40 | Crear | Villager (Male) |
| 0:40 | Crear | Villager (Male) |
| 1:32 | Crear | Villager (Male) |
| 2:12 | Crear | Villager (Male) |
| 2:41 | Crear | Villager (Male) |
| 2:41 | Crear | Villager (Male) |
| 3:19 | Crear | Villager (Male) |
| 3:51 | Crear | Villager (Male) |
| 3:51 | Crear | Villager (Male) |
| 4:52 | Construir | House |
| 4:59 | Construir | House |
| 5:05 | Crear | Villager (Male) |
| 5:29 | Construir | Mill |
| 5:39 | Crear | Villager (Male) |
| 5:40 | Crear | Villager (Male) |
| 5:40 | Crear | Villager (Male) |
| 5:40 | Crear | Villager (Male) |
| 5:41 | Crear | Villager (Male) |
| 6:15 | Crear | Villager (Male) |
| 7:03 | Crear | Villager (Male) |
| 7:49 | Crear | Villager (Male) |
| 8:07 | Crear | Villager (Male) |
| 8:20 | Crear | Villager (Male) |
| 8:25 | Construir | House |
| 8:41 | Construir | Lumber Camp |
| 8:43 | Construir | Farm |
| 9:11 | Crear | Villager (Male) |
| 9:23 | Investigar | Feudal Age |
| 9:26 | Construir | Farm |
| 9:32 | Construir | Farm |
| 9:42 | Construir | Farm |
| 9:55 | Crear | Villager (Male) |
| 10:00 | Construir | Farm |
| 10:22 | Construir | Mining Camp |
| 10:38 | Crear | Villager (Male) |
| 10:52 | Crear | Villager (Male) |
| 11:33 | Edad | Edad Feudal |
| 11:34 | Crear | Villager (Male) |
| 11:44 | Construir | Market |
| 11:49 | Crear | Villager (Male) |
| 12:40 | Crear | Villager (Male) |
| 13:09 | Construir | Blacksmith |
| 13:29 | Construir | Mining Camp |
| 13:41 | Crear | Villager (Male) |
| 13:48 | Construir | House |
| 13:55 | Crear | Villager (Male) |
| 14:11 | Investigar | Castle Age |
| 14:30 | Construir | Barracks |
| 14:57 | Investigar | Double-Bit Axe |
| 15:31 | Crear | Villager (Male) |
| 15:31 | Crear | Villager (Male) |
| 15:37 | Investigar | Horse Collar |
| 16:18 | Construir | Stable |
| 16:28 | Crear | Villager (Male) |
| 16:53 | Edad | Edad de los Castillos |
| 16:57 | Crear | Villager (Male) |
| 17:12 | Crear | Knight |
| 17:47 | Crear | Knight |
| 17:57 | Crear | Villager (Male) |
| 18:03 | Construir | House |
| 18:05 | Construir | House |
| 18:16 | Construir | Castle |
| 18:33 | Crear | Knight |
| 18:33 | Crear | Knight |
| 18:34 | Crear | Knight |
| 18:49 | Crear | Knight |
| 18:58 | Construir | Farm |
| 19:01 | Construir | Farm |
| 19:05 | Construir | House |
| 19:06 | Construir | House |
| 19:07 | Construir | House |
| 19:08 | Construir | House |
| 19:14 | Construir | Lumber Camp |
| 19:18 | Construir | Farm |
| 19:23 | Construir | Farm |
| 19:44 | Crear | Villager (Male) |
| 19:49 | Construir | Farm |
| 20:17 | Construir | Mining Camp |
| 20:20 | Crear | Villager (Male) |
| 20:21 | Crear | Villager (Male) |
| 20:58 | Crear | Cataphract |
| 21:18 | Construir | Town Center |
| 21:22 | Crear | Villager (Male) |
| 21:23 | Crear | Villager (Male) |
| 21:23 | Crear | Villager (Male) |
| 21:23 | Crear | Villager (Male) |
| 21:47 | Crear | Cataphract |
| 21:58 | Crear | Villager (Male) |
| 21:58 | Crear | Villager (Male) |
| 22:22 | Construir | Town Center |
| 22:33 | Crear | Villager (Male) |
| 22:33 | Crear | Villager (Male) |
| 22:48 | Construir | Farm |
| 22:53 | Construir | Farm |
| 23:02 | Crear | Cataphract |
| 23:33 | Construir | Mining Camp |
| 24:06 | Crear | Villager (Male) |
| 24:07 | Crear | Villager (Male) |
| 24:07 | Crear | Villager (Male) |
| 24:07 | Crear | Villager (Male) |
| 24:11 | Crear | Villager (Male) |
| 24:11 | Crear | Villager (Male) |
| 24:11 | Crear | Villager (Male) |
| 24:22 | Construir | Farm |
| 24:27 | Construir | Farm |
| 24:33 | Construir | Farm |
| 24:42 | Construir | Siege Workshop |
| 25:03 | Crear | Cataphract |
| 25:27 | Crear | Villager (Male) |
| 25:27 | Crear | Villager (Male) |
| 25:27 | Crear | Villager (Male) |
| 25:28 | Crear | Villager (Male) |
| 25:28 | Crear | Villager (Male) |
| 25:47 | Crear | Villager (Male) |
| 25:48 | Crear | Villager (Male) |
| 25:51 | Crear | Villager (Male) |
| 25:52 | Crear | Villager (Male) |
| 25:52 | Crear | Villager (Male) |
| 26:03 | Crear | Villager (Male) |
| 26:03 | Crear | Villager (Male) |
| 26:21 | Crear | Villager (Male) |
| 26:26 | Construir | Farm |
| 26:35 | Crear | Villager (Male) |
| 26:36 | Crear | Villager (Male) |
| 26:58 | Construir | Castle |
| 27:01 | Crear | Battering Ram |
| 27:27 | Crear | Villager (Male) |
| 27:31 | Investigar | Heavy Plow |
| 27:31 | Crear | Villager (Male) |
| 27:36 | Construir | Farm |
| 27:38 | Construir | Farm |
| 27:40 | Construir | Farm |
| 27:43 | Construir | Farm |
| 27:45 | Construir | Farm |
| 27:48 | Construir | Farm |
| 27:51 | Construir | Farm |
| 27:53 | Crear | Villager (Male) |
| 27:53 | Crear | Villager (Male) |
| 27:56 | Crear | Villager (Male) |
| 28:15 | Crear | Battering Ram |
| 28:31 | Crear | Villager (Male) |
| 28:32 | Crear | Villager (Male) |
| 28:33 | Crear | Villager (Male) |
| 28:52 | Crear | Battering Ram |
| 29:36 | Construir | Castle |
| 29:41 | Crear | Cataphract |
Build order — Maniac
Primeras 150 de 331 acciones detectadas
| 0:01 | Crear | Villager (Male) |
| 0:16 | Crear | Villager (Male) |
| 0:17 | Crear | Villager (Male) |
| 0:17 | Crear | Villager (Male) |
| 1:11 | Crear | Villager (Male) |
| 1:44 | Construir | Lumber Camp |
| 1:48 | Crear | Villager (Male) |
| 2:01 | Crear | Villager (Male) |
| 2:51 | Crear | Villager (Male) |
| 3:13 | Crear | Villager (Male) |
| 3:41 | Crear | Villager (Male) |
| 3:53 | Crear | Villager (Male) |
| 4:17 | Crear | Villager (Male) |
| 4:56 | Crear | Villager (Male) |
| 4:56 | Crear | Villager (Male) |
| 4:56 | Crear | Villager (Male) |
| 5:08 | Crear | Villager (Male) |
| 5:38 | Crear | Villager (Male) |
| 5:52 | Construir | Mill |
| 6:08 | Crear | Villager (Male) |
| 6:46 | Crear | Villager (Male) |
| 7:33 | Crear | Villager (Male) |
| 7:55 | Crear | Villager (Male) |
| 8:02 | Construir | Mining Camp |
| 8:24 | Investigar | Feudal Age |
| 8:51 | Crear | Villager (Male) |
| 8:52 | Crear | Villager (Male) |
| 10:34 | Edad | Edad Feudal |
| 10:36 | Construir | Market |
| 10:44 | Construir | Blacksmith |
| 12:20 | Investigar | Castle Age |
| 12:41 | Construir | Farm |
| 13:15 | Investigar | Double-Bit Axe |
| 13:39 | Construir | Farm |
| 13:41 | Construir | Farm |
| 14:36 | Crear | Villager (Male) |
| 15:00 | Edad | Edad de los Castillos |
| 15:02 | Construir | Farm |
| 15:03 | Crear | Villager (Male) |
| 15:06 | Construir | Town Center |
| 15:11 | Construir | Farm |
| 15:16 | Construir | Farm |
| 15:19 | Construir | Town Center |
| 15:37 | Construir | Farm |
| 15:42 | Construir | Farm |
| 15:47 | Construir | Farm |
| 15:57 | Construir | Farm |
| 16:01 | Crear | Villager (Male) |
| 16:09 | Construir | Farm |
| 16:30 | Crear | Villager (Male) |
| 16:35 | Construir | Farm |
| 16:38 | Crear | Villager (Male) ×2 |
| 16:42 | Construir | Farm |
| 16:59 | Crear | Villager (Male) ×2 |
| 17:05 | Construir | Farm |
| 17:17 | Construir | Monastery |
| 17:22 | Crear | Villager (Male) ×2 |
| 17:27 | Construir | Farm |
| 17:43 | Investigar | Horse Collar |
| 18:08 | Construir | Farm |
| 18:09 | Crear | Monk |
| 18:14 | Construir | Farm |
| 18:16 | Construir | Farm |
| 18:21 | Construir | Farm |
| 18:22 | Crear | Villager (Male) ×3 |
| 18:40 | Crear | Villager (Male) |
| 18:44 | Construir | Farm |
| 18:46 | Construir | Farm |
| 18:52 | Crear | Villager (Male) ×2 |
| 18:55 | Construir | Farm |
| 19:08 | Crear | Villager (Male) |
| 19:19 | Crear | Villager (Male) |
| 19:22 | Construir | Farm |
| 19:24 | Construir | Farm |
| 19:26 | Construir | Farm |
| 19:28 | Crear | Villager (Male) |
| 19:39 | Investigar | Bow Saw |
| 19:39 | Investigar | Bow Saw |
| 20:08 | Construir | Farm |
| 20:09 | Investigar | Heavy Plow |
| 20:22 | Crear | Villager (Male) |
| 20:51 | Crear | Villager (Male) ×4 |
| 20:54 | Construir | Farm |
| 20:57 | Construir | Farm |
| 20:59 | Construir | Farm |
| 21:02 | Construir | Farm |
| 21:06 | Construir | Farm |
| 21:09 | Construir | Farm |
| 21:11 | Crear | Villager (Male) ×4 |
| 21:25 | Investigar | Gold Mining |
| 21:37 | Crear | Villager (Male) |
| 21:38 | Crear | Villager (Male) |
| 21:44 | Construir | Farm |
| 21:47 | Construir | Farm |
| 22:05 | Crear | Villager (Male) ×4 |
| 22:32 | Crear | Villager (Male) ×5 |
| 22:38 | Construir | Farm |
| 22:41 | Construir | Farm |
| 22:44 | Construir | Farm |
| 22:50 | Crear | Villager (Male) ×3 |
| 23:12 | Construir | Farm |
| 23:14 | Construir | Farm |
| 23:16 | Construir | Farm |
| 23:21 | Construir | Farm |
| 23:34 | Crear | Villager (Male) ×5 |
| 23:51 | Construir | Barracks |
| 24:08 | Crear | Monk |
| 24:11 | Crear | Villager (Male) ×5 |
| 24:31 | Construir | Farm |
| 24:32 | Construir | Farm |
| 24:53 | Construir | University |
| 24:55 | Crear | Villager (Male) |
| 24:55 | Crear | Villager (Male) |
| 24:55 | Crear | Villager (Male) |
| 25:28 | Crear | Villager (Male) |
| 25:48 | Investigar | Imperial Age |
| 25:51 | Investigar | Wheelbarrow |
| 25:53 | Investigar | Loom |
| 25:55 | Crear | Villager (Male) |
| 25:56 | Crear | Villager (Male) |
| 25:56 | Crear | Villager (Male) |
| 25:59 | Construir | Farm |
| 26:07 | Construir | Archery Range |
| 26:21 | Investigar | Fletching |
| 26:21 | Investigar | Padded Archer Armor |
| 26:24 | Investigar | Ballistics |
| 27:03 | Construir | Archery Range |
| 27:05 | Construir | Archery Range |
| 27:08 | Crear | Villager (Male) ×5 |
| 27:30 | Investigar | Thumb Ring |
| 27:44 | Construir | Mill |
| 27:50 | Investigar | Bodkin Arrow |
| 27:50 | Investigar | Leather Archer Armor |
| 27:56 | Crear | Villager (Male) ×5 |
| 28:09 | Investigar | Stone Mining |
| 28:14 | Investigar | Gold Shaft Mining |
| 28:58 | Edad | Edad Imperial |
| 29:02 | Crear | Villager (Male) ×5 |
| 29:10 | Construir | Archery Range |
| 29:12 | Construir | Archery Range |
| 29:14 | Construir | Archery Range |
| 29:18 | Investigar | Hand Cart |
| 29:38 | Investigar | Two-Man Saw |
| 29:45 | Crear | Villager (Male) ×5 |
| 29:59 | Investigar | Chemistry |
| 30:09 | Construir | Lumber Camp |
| 30:33 | Construir | Farm |
| 30:35 | Crear | Villager (Male) ×5 |
| 30:48 | Investigar | Parthian Tactics |
| 31:01 | Construir | Farm |
Cronología de la partida
| 10:03 | Balint4321 · first_building Barracks |
| 10:34 | Maniac · age_up feudal |
| 10:52 | Balint4321 · age_up feudal |
| 11:13 | Balint4321 · first_building Stable |
| 11:27 | d.rosebank · age_up feudal |
| 11:33 | King Crimson · age_up feudal |
| 11:33 | Kaoru · age_up feudal |
| 12:42 | Dean · age_up feudal |
| 14:30 | Kaoru · first_building Barracks |
| 15:00 | Maniac · age_up castle |
| 15:02 | King Crimson · first_market_sell 100 wood |
| 15:18 | d.rosebank · first_building Barracks |
| 16:18 | Kaoru · first_building Stable |
| 16:31 | d.rosebank · first_building Stable |
| 16:32 | Balint4321 · age_up castle |
| 16:36 | Maniac · first_market_buy 100 food |
| 16:52 | Dean · age_up castle |
| 16:53 | Kaoru · age_up castle |
| 17:01 | Dean · first_building Siege Workshop |
| 17:17 | Maniac · first_building Monastery |
| 17:42 | Dean · first_building Barracks |
| 17:44 | King Crimson · age_up castle |
| 17:47 | Balint4321 · first_building Archery Range |
| 18:15 | King Crimson · first_building Monastery |
| 18:16 | Kaoru · first_building Castle |
| 18:21 | Dean · first_market_sell 100 stone |
| 18:25 | Dean · first_market_buy 100 food |
| 20:06 | King Crimson · first_building Barracks |
| 20:12 | Dean · first_building Archery Range |
| 20:13 | d.rosebank · wall_segment Stone Wall x7 |
| 20:58 | Balint4321 · first_building Monastery |
| 21:21 | King Crimson · first_building Stable |
| 21:49 | d.rosebank · age_up castle |
| 22:08 | Dean · age_up imperial |
| 22:43 | d.rosebank · first_building Archery Range |
| 22:44 | Balint4321 · first_building Siege Workshop |
| 22:53 | King Crimson · first_building Archery Range |
| 23:48 | d.rosebank · first_building Castle |
| 23:51 | Maniac · first_building Barracks |
| 24:04 | Balint4321 · first_building Castle |
| 24:42 | Kaoru · first_building Siege Workshop |
| 26:07 | Maniac · first_building Archery Range |
| 27:50 | d.rosebank · wall_segment Stone Wall x7 |
| 28:10 | d.rosebank · first_building Siege Workshop |
| 28:58 | Maniac · age_up imperial |
| 29:22 | Kaoru · first_market_buy 100 stone |
| 30:08 | d.rosebank · wall_segment Stone Wall x8 |
| 30:15 | d.rosebank · wall_segment Stone Wall x4 |
| 30:56 | Dean · first_building Stable |
| 32:09 | Maniac · first_building Stable |
| 32:33 | d.rosebank · wall_segment Stone Wall x1 |
| 32:44 | King Crimson · age_up imperial |
| 33:44 | Maniac · first_building Castle |
| 35:49 | Dean · first_building Castle |
| 36:04 | Kaoru · age_up imperial |
| 40:41 | Balint4321 · age_up imperial |
| 42:44 | King Crimson · first_building Castle |
| 43:46 | Kaoru · first_building Archery Range |
| 44:12 | d.rosebank · resign |
| 48:06 | Maniac · first_market_sell 500 wood |
| 49:30 | King Crimson · wall_segment Stone Wall x10 |
| 49:33 | King Crimson · wall_segment Stone Wall x28 |
| 49:33 | King Crimson · wall_segment Stone Wall x2 |
| 49:33 | King Crimson · wall_segment Stone Wall x3 |
| 49:34 | King Crimson · wall_segment Stone Wall x1 |
[ ANÁLISIS IA · 1 CRÉDITO ]
¿Qué pasó realmente en esta partida?
Wolo.gg analiza cada decisión: build order, eco, micro, errores típicos por bracket. Análisis personalizado por WhatsApp o Discord en 30 segundos.
Guía civ
Lituanos
Guía mapa
Arena
Perfil
Balint4321